 Dungeon Crawl Stone Soup version 0.30-a0-374-g95c0257040 (webtiles) character file.

Game seed: 16272001399750234957

653 porpoise the Trooper (level 7, -2/47 HPs)
             Began as a Gargoyle Brigand on Nov 26, 2022.
             Slain by an ogre
             ... wielding a +0 giant spiked club
              (7 damage)
             ... on level 5 of the Dungeon.
             The game lasted 00:19:01 (4355 turns).

porpoise the Trooper (Gargoyle Brigand)             Turns: 4355, Time: 00:19:01

Health: -2/47      AC: 12    Str: 16    XL:     7   Next: 54%
Magic:  7/7        EV: 10    Int: 12    God:
Gold:   221        SH:  0    Dex: 11    Spells: 6/6 levels left

rFire   + . .      SeeInvis .    w - +0 mace
rCold   + . .      Faith    .    (no shield)
rNeg    + . .      Spirit   .    F - +1 ring mail {rF+}
rPois   ∞          Reflect  .    (no helmet)
rElec   +          Harm     .    c - +1 cloak
rCorr   .          Rampage  .    (no gloves)
Will    .....                    (no boots)
Stlth   ++........               (no amulet)
HPRegen 0.27/turn                D - ring of protection from cold
MPRegen 0.10/turn                (no ring)

@: no status effects
A: sickness immunity, AC +4, negative energy resistance 1, electricity
resistance, torment resistance 1, petrification resistance
a: no special abilities


You were on level 5 of the Dungeon.
You visited 1 branch of the dungeon, and saw 5 of its levels.

You collected 221 gold pieces.

Inventory:

Hand Weapons
 a - a +2 dagger
 w - a +0 mace (weapon)
Missiles
 d - 13 poisoned darts (quivered)
 e - 4 curare-tipped darts
 o - 4 boomerangs
 s - 13 javelins
 E - a throwing net
Armour
 c - a +1 cloak (worn)
 F - a +1 ring mail of fire resistance (worn)
Magical Staves
 p - a staff of cold
Jewellery
 D - a ring of protection from cold (left hand)
Wands
 t - a wand of charming (13)
 v - a wand of roots (10)
Scrolls
 f - 3 scrolls of fear
 g - a scroll of vulnerability {unknown}
 i - 2 scrolls of teleportation
 k - a scroll of enchant armour
 l - a scroll of magic mapping {unknown}
 m - a scroll of enchant weapon {unknown}
 n - 2 scrolls of blinking {unknown}
 r - a scroll of immolation {unknown}
 u - a scroll of brand weapon {unknown}
 y - a scroll of amnesia {unknown}
 C - a scroll of fog {unknown}
Potions
 b - 2 potions of cancellation {unknown}
 h - a potion of might {unknown}
 j - a potion of ambrosia {unknown}
 q - 3 potions of brilliance
 x - a potion of flight
 z - 2 potions of degeneration {unknown}
 A - 2 potions of resistance
 B - a potion of heal wounds {unknown}


   Skills:
 + Level 6.8 Fighting
 - Level 1.7 Short Blades
 * Level 5.1 Maces & Flails
 - Level 1.7 Throwing
 - Level 0.7 Dodging
 - Level 4.3 Stealth


You had 6 spell levels left.
You didn't know any spells.
Your spell library contained the following spells:

 Spells                   Type           Power      Damage    Failure   Level
 Apportation              Tloc           0%         N/A       54%         1
 Necrotise                Necr           0%         1d4       54%         1
 Shock                    Conj/Air       0%         1d3       54%         1
 Summon Small Mammal      Summ           0%         N/A       54%         1
 Frozen Ramparts          Ice            0%         1d1       88%         3
 Ozocubu's Armour         Ice            0%         N/A       88%         3
 Swiftness                Air            0%         N/A       88%         3
 Airstrike                Air            0%         2d(0-16)  99%         4
 Ice Form                 Ice/Tmut       0%         N/A       99%         4
 Summon Ice Beast         Ice/Summ       0%         N/A       99%         4
 Metabolic Englaciation   Hex/Ice        0%         N/A       100%        5
 Simulacrum               Ice/Necr       0%         N/A       100%        6


Dungeon Overview and Level Annotations

Branches:
Dungeon (5/15)
 Temple: D:4-7

Altars:

Shops:
D:1 ([   D:4 =   D:5 (

Annotations:
D:5 jelly, exclusion: 3 doors


Innate Abilities, Weirdness & Mutations

You are immune to sickness and miasma.
Your stone body is resilient. (AC +4)
You are immune to poison.
You resist negative energy. (rN+)
You are resistant to electric shocks. (rElec)
You are resistant to unholy torment.
You are immune to petrification.


Message History

Aim: an ogre, wielding a +0 giant spiked club (74% to hit)
You throw a poisoned dart. The poisoned dart hits the ogre.
The ogre is poisoned.
Unknown command.
Throw: 17 darts (poison)
Press: ? - help, Q - select action, (/) - cycle Shift-Dir - straight line, f/p - ogre
Aim: an ogre, wielding a +0 giant spiked club (lightly wounded, poisoned, 74% to hit)
You throw a poisoned dart. The poisoned dart hits the ogre.
The ogre looks even sicker.
The ogre is lightly wounded.
Throw: 16 darts (poison)
Press: ? - help, Q - select action, (/) - cycle Shift-Dir - straight line, f/p - ogre
Aim: an ogre, wielding a +0 giant spiked club (lightly wounded, very poisoned, 74% to hit)
You throw a poisoned dart.
The poisoned dart barely misses the ogre.
Throw: 15 darts (poison)
Press: ? - help, Q - select action, (/) - cycle Shift-Dir - straight line, f/p - ogre
Aim: an ogre, wielding a +0 giant spiked club (lightly wounded, very poisoned, 74% to hit)
You throw a poisoned dart.
The poisoned dart barely misses the ogre.
Throw: 14 darts (poison)
Press: ? - help, Q - select action, (/) - cycle Shift-Dir - straight line, f/p - ogre
Aim: an ogre, wielding a +0 giant spiked club (lightly wounded, very poisoned, 74% to hit)
You throw a poisoned dart. The poisoned dart hits the ogre.
The ogre looks even sicker.
The ogre is lightly wounded.
You hit the ogre.
The ogre is moderately wounded.
The ogre hits you with a +0 giant spiked club!!
Ouch! That really hurt!
You hit the ogre.
The ogre is heavily wounded.
You sock the ogre!
The ogre is almost dead.
The ogre hits you with a +0 giant spiked club!
* * * LOW HITPOINT WARNING * * *
You barely miss the ogre.
The ogre is almost dead.
The ogre hits you with a +0 giant spiked club!
You die...

######## .......######
.......#....# .......#....# #
.......#....# ... .......#....#
#.... .......#....######.....?
...........†....@O(...((
...............#........
.......#######...###....
.................... .##
.#................... ######## #
.#.......###############......##.
..............## #.##.......#J#
.....###.####..#####.+........#.#
#....# #...........).+..J.....#)#


You could see an ogre (very poisoned).

Vanquished Creatures
  A water moccasin (D:5)
  4 kobold brigands (D:5)
  A hound (D:5)
  3 jellies
  6 adders
  A worm (D:3)
  5 dart slugs
  2 orcs (D:4)
  2 bats
  2 endoplasms (D:2)
  3 giant cockroaches
  9 hobgoblins
  13 jackals
  5 kobolds
  5 quokkas
  3 training dummies (D:5)
  5 ball pythons
  3 frilled lizards
  10 goblins
  8 rats
91 creatures vanquished.

Vanquished Creatures (others)
  4 toadstools (D:5)
4 creatures vanquished.

Grand Total: 95 creatures vanquished

Notes
Turn   | Place    | Note
-------+----------+-------------------------------------------
     0 | D:1      | porpoise the Gargoyle Brigand began the quest for the Orb.
     0 | D:1      | Reached XP level 1. HP: 12/12 MP: 1/1
    13 | D:1      | Found Raisar's Armour Emporium.
    97 | D:1      | Found Omad's Weapon Shoppe.
   153 | D:1      | Reached skill level 3 in Fighting
   153 | D:1      | Reached XP level 2. HP: 19/19 MP: 2/2
   282 | D:1      | Reached XP level 3. HP: 17/24 MP: 3/3
   490 | D:1      | Reached skill level 4 in Fighting
   499 | D:1      | Found Avegyn Ivu's Assorted Antiques.
  1193 | D:2      | Reached XP level 4. HP: 25/30 MP: 4/4
  1437 | D:2      | Reached skill level 5 in Fighting
  1732 | D:2      | You fall into a shaft and drop 1 floor!
  2436 | D:4      | Reached XP level 5. HP: 35/35 MP: 5/5
  2552 | D:4      | Found Relynos's Jewellery Boutique.
  2562 | D:4      | Reached skill level 1 in Maces & Flails
  3292 | D:5      | Entered Level 5 of the Dungeon
  3482 | D:5      | Noticed a kobold brigand
  3482 | D:5      | Noticed a kobold brigand
  3485 | D:5      | Noticed a kobold brigand
  3508 | D:5      | Killed a kobold brigand
  3509 | D:5      | Reached XP level 6. HP: 39/41 MP: 6/6
  3520 | D:5      | Reached skill level 6 in Fighting
  3630 | D:5      | Reached XP level 7. HP: 30/47 MP: 7/7
  3775 | D:5      | Noticed a slime creature
  4055 | D:5      | Found Waefarost's Firing Range.
  4323 | D:5      | Reached skill level 5 in Maces & Flails
  4355 | D:5      | Slain by an ogre

Illustrated notes

Levels and vault maps discovered:
D:1:      psy_arrival_fountain, layout_rooms, serial_co_window_serial,
          co_window_corner_a, co_window_paths_a, co_window_paths_b,
          co_window_corner_a, co_window_corner_a, co_window_of_opportunity_a,
          co_window_paths_b, co_window_of_opportunity_b, co_window_broadway_b,
          co_window_corner_b, co_window_4corner_a, glass_columns_a,
          glass_columns_a, glass_columns_a, glass_columns_a, glass_columns_b,
          serial_shops, shop, shop, shop, minmay_statues_item,
          corexii_item_surrounded_by_moat
D:2:      layout_basic, minmay_vboxes
D:3:      layout_rooms, minmay_misc_feat_columns
D:4:      layout_basic, serial_shops, nicolae_stop_n_shop_1, minmay_door_square
D:5:      cheibrodos_fertilizer, layout_basic, zin_angel,
          nicolae_shop_firing_range, uniq_pikel

Skill      XL: |  1  2  3  4  5  6  7 |
---------------+----------------------+-----
Fighting       | 3 4 5 6 |  6.8
Maces & Flails | 2 4 5 |  5.1
Short Blades   | |  1.7
Throwing       | |  1.7
Dodging        | |  0.7
Stealth        | |  4.3

Action                   |  1- 3 |  4- 6 |  7- 9 || total
-------------------------+-------+-------+-------++-------
Melee: Dagger            |   175 |    74 |       ||   249
       Punch             |     3 |     1 |       ||     4
       Mace              |       |   101 |    40 ||   141
Throw: Dart              |     1 |    35 |     9 ||    45
       Boomerang         |       |     4 |       ||     4
  Use: Scroll            |       |     7 |       ||     7
       Potion            |       |       |     1 ||     1
 Stab: Sleeping          |     2 |       |     1 ||     3
Armor: Robe              |    18 |       |       ||    18
       Scale mail        |    40 |    83 |    18 ||   141
       Ring mail         |       |       |     2 ||     2
Dodge: Dodged            |    83 |    79 |    12 ||   174

Table legend: (Time is in decaauts)
 A = Elapsed time spent in this place.
 B = Non-inter-level travel time spent in this place.
 C = Inter-level travel time spent in this place.
 D = Time resting spent in this place.
 E = Time spent auto-exploring this place.
 F = Levels seen in this place.
 G = Mean time per level.
                   A        B        C        D        E       F      G
               +--------+--------+--------+--------+--------+-----+--------+
         Total |   4346 |   4133 |    213 |    551 |   2596 |   5 |  869.2 |
       Dungeon |   4346 |   4133 |    213 |    551 |   2596 |   5 |  869.2 |
               +--------+--------+--------+--------+--------+-----+--------+

Top non-repeatable levels by time:
     D:5: 1026 daAuts
     D:1: 990 daAuts
     D:4: 908 daAuts
     D:2: 722 daAuts
     D:3: 698 daAuts
